 Dungeon Crawl Stone Soup version 0.19-b1-5-gdc9fa9d (webtiles) character file.

114 varam the Chopper (level 4, -1/39 HPs)
             Began as a Minotaur Berserker on Oct 31, 2016.
             Was a Believer of Trog (penitent).
             Slain by a polar bear (3 damage)
             ... created by the rage of Trog
             ... on level 3 of the Dungeon.
             The game lasted 00:02:32 (1734 turns).

varam the Chopper (Minotaur Berserker)              Turns: 1734, Time: 00:02:33

Health: -1/39      AC:  6    Str: 22    XL:     4   Next: 66%
Magic:  3/3        EV: 11    Int:  4    God:    Trog [*]
Gold:   124        SH:  0    Dex: 10    Spells: 1 memorised, 1 level left

rFire  . . .     SeeInvis .     a - +0 hand axe
rCold  . . .     Gourm    .     m - +0 ring mail
rNeg   . . .     Faith    .     (no shield)
rPois  .         Spirit   .     (helmet restricted)
rElec  .         Reflect  .     (no cloak)
rCorr  .         Harm     .     g - +0 pair of gloves
MR     .....                    (no boots)
Stlth  ..........               (no amulet)
                                (no ring)
                                (no ring)

@: confused
A: retaliatory headbutt, horns 2
a: Burn Spellbooks, Renounce Religion


You were on level 3 of the Dungeon.
You worshipped Trog.
Trog was demanding penance.
You were not hungry.

You visited 1 branch of the dungeon, and saw 3 of its levels.

You collected 124 gold pieces.

Inventory:

Hand Weapons
 a - a +0 hand axe (weapon)
Armour
 g - a +0 pair of gloves (worn)
 m - a +0 ring mail (worn)
Scrolls
 h - a scroll of teleportation {unknown}
 k - a scroll of fog {unknown}
 r - a scroll of fear {unknown}
 s - a scroll of identify {unknown}
Potions
 e - 2 potions of lignification {unknown}
 j - 2 potions of curing {unknown}
 l - a potion of agility {unknown}
 o - a potion of ambrosia {unknown}
 p - a potion of resistance {unknown}
 t - a potion of brilliance {unknown}
Books
 n - a book of Minor Magic

   Spells                             Type                      Level
   a - Magic Dart                     Conjuration                  1
   b - Blink                          Translocation                2
   c - Call Imp                       Summoning                    2
   d - Repel Missiles                 Charms/Air                   2
   e - Slow                           Hexes                        2
   f - Conjure Flame                  Conjuration/Fire             3
   g - Mephitic Cloud                 Conjuration/Poison/Air       3
   Trog disapproves of the use of such an item.
Comestibles
 b - 2 meat rations
 c - 2 bread rations
 d - a slice of pizza
 f - a beef jerky
 i - a fruit


   Skills:
 - Level 3.6 Fighting
 + Level 6.6 Axes
 - Level 2.4 Armour
 - Level 2.1 Dodging


You had one spell level left.
You knew the following spells:

 Your Spells              Type           Power        Failure   Level  Hunger
a - Blink                 Tloc           N/A          96%         2    ###....


Dungeon Overview and Level Annotations

Branches:
Dungeon (3/15)

Altars:
Cheibriados
Hepliaklqana


Innate Abilities, Weirdness & Mutations

You reflexively headbutt those who attack you in melee.
You have a pair of horns on your head.


Message History

Unknown command.
You bump into the rock wall.
You're too confused to move!
The black bear bites you but does no damage.
The black bear barely misses you. The black bear claws you.
All of the chunks of flesh in your inventory have rotted away.
You closely miss the polar bear.
You hit the black bear but do no damage.
The polar bear bites you!!
Ouch! That really hurt!
* * * LOW HITPOINT WARNING * * *
The polar bear claws you.
* * * LOW HITPOINT WARNING * * *
The polar bear claws you but does no damage.
The black bear closely misses you.
The black bear claws you but does no damage.
The black bear claws you.
* * * LOW HITPOINT WARNING * * *
The polar bear bites you.
You die...

#..##.#
######...#
...##.#
#......#.#
##.##.#
#.####...#
..[##<# #.#
##### ......#
# #.# ###...#
##( #.#
...#.# ##...
#(# ###...#
#....h#####.#
##..(
....%hh@h...#
####
###.#########


You could see 2 polar bears and 2 black bears.

Vanquished Creatures
  Terence (D:2)
  4 adders (D:2)
  7 bats
  3 giant cockroaches
  5 hobgoblins
  4 jackals (D:2)
  4 frilled lizards (D:1)
  6 goblins
  11 kobolds
  10 rats
55 creatures vanquished.

Notes
Turn   | Place    | Note
-------+----------+-------------------------------------------
     0 | D:1      | varam the Minotaur Berserker began the quest for the Orb.
     0 | D:1      | Reached XP level 1. HP: 19/19 MP: 0/0
    63 | D:1      | Reached skill level 4 in Axes
   119 | D:1      | Reached XP level 2. HP: 15/26 MP: 1/1
   631 | D:1      | Reached skill level 5 in Axes
   900 | D:2      | Reached XP level 3. HP: 28/31 MP: 2/2
   960 | D:2      | Found a hazy altar of Hepliaklqana.
   960 | D:2      | Noticed Terence
   964 | D:2      | Reached ** piety under Trog
   965 | D:2      | Killed Terence
  1011 | D:2      | Reached skill level 6 in Axes
  1011 | D:2      | Reached XP level 4. HP: 33/39 MP: 3/3
  1122 | D:2      | Found a snail-covered altar of Cheibriados.
  1122 | D:2      | Found a faded altar of an unknown god.
  1127 | D:2      | Found a faded altar of an unknown god.
  1135 | D:2      | Found a faded altar of an unknown god.
  1136 | D:2      | Found a faded altar of an unknown god.
  1435 | D:2      | Was placed under penance by Trog
  1438 | D:2      | Learned a level 2 spell: Blink
  1732 | D:3      | Noticed a polar bear
  1732 | D:3      | Noticed a black bear
  1732 | D:3      | Noticed a black bear
  1732 | D:3      | Noticed a polar bear
  1734 | D:3      | HP: 2/39 [black bear[the rage of Trog] (4)]
  1734 | D:3      | Slain by a polar bear

Skill      XL: |  1  2  3 |
---------------+----------+-----
Axes           | 4 5 6 |  6.6
Fighting       | |  3.6
Armour         | |  2.4
Dodging        | |  2.1

Action                   |  1- 3 |  4- 6 || total
-------------------------+-------+-------++-------
Melee: Hand axe          |    72 |    35 ||   107
       Headbutt          |    15 |     5 ||    20
Invok: Berserk           |     1 |       ||     1
  Eat: Chunk             |     1 |     3 ||     4
Armor: Animal skin       |    16 |       ||    16
       Ring mail         |     2 |    22 ||    24
Dodge: Dodged            |    50 |    38 ||    88
